 Dungeon Crawl Stone Soup version 0.30-a0-782-ge64f9170bb (webtiles) character file.

Game seed: 11829135390335872045

252 Leeroy the Carver (level 6, -6/66 HPs)
             Began as a Merfolk Gladiator on Feb 25, 2023.
             Mangled by a killer bee (7 damage)
             ... on level 4 of the Dungeon.
             The game lasted 00:02:55 (2585 turns).

Leeroy the Carver (Merfolk Gladiator)               Turns: 2585, Time: 00:02:55

Health: -6/66      AC:  5    Str: 14    XL:     6   Next: 14%
Magic:  6/6        EV: 13    Int:  7    God:
Gold:   148        SH:  0    Dex: 18    Spells: 5/5 levels left

rFire   . . .      SeeInvis .    a - +0 long sword
rCold   . . .      Faith    .    (no shield)
rNeg    . . .      Spirit   .    b - +0 leather armour
rPois   .          Reflect  .    c - +0 helmet
rElec   .          Harm     .    h - +0 cloak
rCorr   .          Rampage  .    (no gloves)
Will    .....                    (no boots) Stlth
                                 (no amulet)
HPRegen 0.31/turn                (no ring)
MPRegen 0.10/turn                (no ring)

@: berserking, lethally poisoned (-6 -> -13), very quick
A: (nimble swimmer 2), mertail
a: no special abilities


You were on level 4 of the Dungeon.
You visited 1 branch of the dungeon, and saw 4 of its levels.

You collected 148 gold pieces.

Inventory:

Hand Weapons
 a - a +0 long sword (weapon)
 l - the +5 trident of Winter {speed, rElec Str+2 Int+4}
   (You found it on level 3 of the Dungeon)

   Str:       It affects your strength (+2).
   Int:       It affects your intelligence (+4).
   rElec:     It insulates you from electricity.
 m - a +2 dagger of venom
Missiles
 d - 3 throwing nets (quivered)
 e - 6 javelins
 i - 8 poisoned darts
Armour
 b - a +0 leather armour (worn)
 c - a +0 helmet (worn)
 h - a +0 cloak (worn)
Jewellery
 k - a ring of protection from cold
Scrolls
 f - 6 scrolls of identify {unknown}
 g - 3 scrolls of teleportation {unknown}
 j - a scroll of torment {unknown}
 n - a scroll of blinking {unknown}
Potions
 o - a potion of berserk rage


   Skills:
 - Level 2.1 Fighting
 + Level 8.0 Long Blades
 - Level 2.0 Throwing
 - Level 4.0 Dodging


You had 5 spell levels left.
You didn't know any spells.
Your spell library contained the following spells:

 Spells                   Type           Power      Damage    Failure   Level
 Magic Dart               Conj           0%         1d3       52%         1
 Call Imp                 Summ           0%         N/A       65%         2
 Mephitic Cloud           Conj/Pois/Air  0%         N/A       87%         3


Dungeon Overview and Level Annotations

Branches:
Dungeon (4/15)
 Temple: D:4-7

Altars:


Innate Abilities, Weirdness & Mutations

((You are very nimble when in or above water. (Stealth+, EV+, Speed+++)))
Your lower body shifts to a powerful aquatic tail in water.


Message History

The killer bee is severely wounded.
The killer bee stings you but does no damage.
The killer bee stings you.
You are too injured to fight recklessly!
You are too injured to fight recklessly!
You are too injured to fight recklessly!
You are too injured to fight recklessly!
You are too injured to fight recklessly!
You are too injured to fight recklessly!
You closely miss the killer bee.
The killer bee is severely wounded.
The killer bee stings you. x2
* * * LOW HITPOINT WARNING * * *
You are poisoned.
The killer bee poisons you!
You hit the killer bee.
You kill the killer bee!
You feel sick. The killer bee barely misses you.
Your Long Blades skill increases to level 8!
You have reached level 6!
It was a potion of berserk rage.
A red film seems to cover your vision as you go berserk!
You feel yourself moving faster!
You feel mighty!
You feel sick. The killer bee closely misses you. The killer bee stings you.
* * * LOW HITPOINT WARNING * * *
You are lethally poisoned!
The killer bee poisons you!
You barely miss the killer bee.
* * * LOW HITPOINT WARNING * * *
You feel sick. The killer bee stings you.
* * * LOW HITPOINT WARNING * * *
You hit the killer bee.
The killer bee is heavily wounded.
* * * LOW HITPOINT WARNING * * *
You feel sick. The killer bee misses you.
You miss the killer bee.
The killer bee is heavily wounded.
* * * LOW HITPOINT WARNING * * *
You feel sick. The killer bee stings you!
You die... ### . +.. ..{ #.# ..W.o##### #.# ..yyoy.oo#

#.##
.....###y#
#... ... #y#
####'## . #@#
#######......
#.#
#.......#####
#.# #.......#
#.####.......#
#............#
######.......#
#.......#
#.......#
#########


You could see 2 killer bees, an orc wizard and an orc.

Vanquished Creatures
  A killer bee (D:4)
  Crazy Yiuf (D:2)
  Jessica (D:2)
  Natasha (D:2)
  7 adders
  A worm (D:2)
  4 dart slugs
  An orc (D:3)
  6 endoplasms
  3 giant cockroaches
  3 hobgoblins
  4 quokkas
  7 ball pythons
  6 bats
  7 frilled lizards
  3 goblins
  4 kobolds
  3 rats
63 creatures vanquished.

Vanquished Creatures (others)
  2 fungi (D:2)
2 creatures vanquished.

Grand Total: 65 creatures vanquished

Notes
Turn   | Place    | Note
-------+----------+-------------------------------------------
     0 | D:1      | Leeroy the Merfolk Gladiator began the quest for the Orb.
     0 | D:1      | Reached XP level 1. HP: 16/16 MP: 1/1
   101 | D:1      | Reached skill level 4 in Long Blades
   140 | D:1      | Reached XP level 2. HP: 7/22 MP: 2/2
   644 | D:1      | Reached XP level 3. HP: 26/27 MP: 3/3
   673 | D:1      | Reached skill level 5 in Long Blades
   742 | D:2      | Noticed Jessica
   744 | D:2      | Killed Jessica
   756 | D:2      | Reached XP level 4. HP: 33/33 MP: 4/4
   796 | D:2      | Reached skill level 6 in Long Blades
  1168 | D:2      | Noticed Natasha
  1173 | D:2      | Killed Natasha
  1174 | D:2      | Reached XP level 5. HP: 30/38 MP: 5/5
  1357 | D:2      | Found a faded altar of an unknown god.
  1365 | D:2      | Reached skill level 7 in Long Blades
  1817 | D:2      | Found a runed translucent door.
  1818 | D:2      | Noticed Crazy Yiuf
  1833 | D:2      | Killed Crazy Yiuf
  2036 | D:3      | Identified the +5 trident of Winter {speed, rElec Str+2
                  | Int+4}
  2570 | D:4      | Noticed a phantom
  2582 | D:4      | Reached skill level 8 in Long Blades
  2582 | D:4      | Reached XP level 6. HP: 9/44 MP: 6/6
  2584 | D:4      | HP: 2/66 [poisoned by a killer bee]
  2585 | D:4      | Mangled by a killer bee

Illustrated notes

Levels and vault maps discovered:
D:1:      minmay_arrival_five_plusses, layout_loops_ring
D:2:      layout_loops_ring, shapermc_ecumenical_altar_mp_highgroup,
          minmay_misc_feat_square, nicolae_half_adder, uniq_crazy_yiuf_cottage,
          uniq_jessica, uniq_natasha
D:3:      layout_basic
D:4:      layout_loops_ring, nicolae_uskayaw_en_pointe,
          eino_small_chamber_without_monster, minmay_misc_feat_encased,
          grunt_decor_fettered

Skill      XL: |  1  2  3  4  5 |
---------------+----------------+-----
Long Blades    | 4 5 6 8 |  8.0
Fighting       | |  2.1
Throwing       | |  2.0
Dodging        | |  4.0

Action                     |  1- 3 |  4- 6 || total
---------------------------+-------+-------++-------
  Melee: Long sword        |    81 |   123 ||   204
         Punch             |     2 |     1 ||     3
  Throw: Throwing net      |       |     1 ||     1
    Use: Potion            |       |     1 ||     1
   Stab: Sleeping          |     1 |     3 ||     4
 Armour: Leather armour    |    35 |    41 ||    76
  Dodge: Dodged            |    81 |    95 ||   176

Table legend: (Time is in decaauts)
 A = Elapsed time spent in this place.
 B = Non-inter-level travel time spent in this place.
 C = Inter-level travel time spent in this place.
 D = Time resting spent in this place.
 E = Time spent auto-exploring this place.
 F = Levels seen in this place.
 G = Mean time per level.
                   A        B        C        D        E       F      G
               +--------+--------+--------+--------+--------+-----+--------+
         Total |   2590 |   2441 |    149 |      6 |   1919 |   4 |  647.5 |
       Dungeon |   2590 |   2441 |    149 |      6 |   1919 |   4 |  647.5 |
               +--------+--------+--------+--------+--------+-----+--------+

Top non-repeatable levels by time:
     D:2: 1088 daAuts
     D:1: 738 daAuts
     D:3: 724 daAuts
     D:4: 39 daAuts
